 Dungeon Crawl Stone Soup version 0.31-a0-703-gcfe89afef6 (webtiles) character file.

Game seed: 17470654215309955338

79 cforsyth the Trooper (level 4, -10/37 HPs)
             Began as a Djinni Chaos Knight on Sept 8, 2023.
             Was a Plaything of Xom.
             Mangled by a soul eater (17 damage)
             ... summoned by Xom
             ... on level 1 of the Dungeon.
             The game lasted 00:02:36 (1210 turns).

cforsyth the Trooper (Djinni Chaos Knight)          Turns: 1210, Time: 00:02:37

Health: -10/37     AC:  6    Str: 11    XL:     4   Next: 62%
Gold:   124        EV: 11    Int: 15    God:    Xom [*.....] SH:  0 Dex: 13

rFire   + + .        a - +0 falchion (chaos)
rCold   x . .        (no shield)
rNeg    . . .        b - +2 leather armour
rPois   ∞            e - +0 helmet
rElec   .            (no cloak)
rCorr   .            (no gloves)
SInv    .            (boots unavailable)
Will    .....        (no amulet)
Stlth   +            (no ring)
HPRegen 0.26/turn    (no ring)
MPRegen 0.00/turn

%: infuse magic (-11 HP)
@: flying
A: sickness immunity, fire resistance 2, cold vulnerability 1, float, innate
caster, HP casting, extra vitality 1
a: Renounce Religion


You were on level 1 of the Dungeon.
You worshipped Xom.
You were a special plaything of Xom.
You visited 1 branch of the dungeon, and saw 2 of its levels.

You collected 124 gold pieces.

Inventory:

Hand Weapons
 a - a +0 falchion of chaos (weapon)
Armour
 b - a +2 leather armour (worn)
 e - a +0 helmet (worn)
Scrolls
 f - 2 scrolls of identify {unknown}
Potions
 d - 2 potions of berserk rage {unknown}
 g - a potion of haste {unknown}
 h - 2 potions of invisibility {unknown}


   Skills:
 + Level 4.1 Fighting
 - Level 2.6 Long Blades
 - Level 1.0 Armour
 - Level 2.1 Dodging
 + Level 1.8 Spellcasting
 + Level 1.8 Conjurations
 + Level 1.8 Hexes
   Level 0.0 Charms
 + Level 1.8 Summonings
 + Level 1.8 Necromancy
 + Level 1.8 Translocations
 + Level 1.8 Transmutations
 + Level 1.8 Fire Magic
 + Level 1.8 Ice Magic
 + Level 1.8 Air Magic
 + Level 1.8 Earth Magic
 + Level 1.8 Poison Magic


You knew the following spells:

 Your Spells              Type           Power      Damage    Failure   Level
a - Kiss of Death         Conj/Necr      24%        2d7       14%         1
Your spell library was empty.

Dungeon Overview and Level Annotations

Branches:
Dungeon (2/15)

Altars:

Annotations:
D:2 Terence


Innate Abilities, Weirdness & Mutations

You are immune to sickness and miasma.
You are immune to poison.
Your flesh is very heat resistant. (rF++)
You are vulnerable to cold. (rC-)
You float through the air rather than walking.
You learn spells naturally, not from books.
Your magical power is your life essence.
You have superior vitality. (+4 MHP)


Message History

You see here a beast talisman.
The gnoll attacks as it pursues you! The gnoll closely misses you.
A gnoll comes into view. It is wielding a +0 flail.
The gnoll hits you with a +0 flail.
You see here a +0 sling.
The gnoll attacks as it pursues you! The gnoll hits you with a +0 flail!
* * * LOW HITPOINT WARNING * * *
The gnoll attacks as it pursues you! The gnoll hits you with a +0 flail.
* * * LOW HITPOINT WARNING * * *
As you read the scroll of butterflies, it crumbles to dust.
You hear the flapping of tiny wings.
The gnoll is knocked back by the sudden gust.
The gnoll barely misses your butterfly.
You swap places.
The gnoll hits your butterfly with a +0 flail.
Your butterfly dies!
Your butterfly disappears in a burst of colours!
You swap places.
You swap places.
Something closely misses your butterfly.
There is a stone staircase leading up here.
Something misses your butterfly.
You fly upwards.
Your summoned ally is left behind.
There is a stone staircase leading down here.
You start resting. "Let's see if it's strong enough to survive yet."
There are monsters nearby!
Unknown command.
Unknown command.
The soul eater attacks as it pursues you!
The soul eater hits you!
Okay, then.
The soul eater attacks as it pursues you!
The soul eater hits you!
* * * LOW HITPOINT WARNING * * *
You emit a cloud of colourful smoke!
The soul eater attacks as it pursues you!
The soul eater hits you!
You die...
Xom titters!

#.#.##.# ###.# #.# #.#....# #...#
#.# #†#..### #.#######.#
#.#..########.# #....#
#.#...##......# #.#### ##
###.##..##.###..# #.# #.
#............#..# #.# #.
###.....#.##.§§§..# #†# #.
......†.#.##.§§3@.# #.# ###
.##.....#.#4##.##.####.########..
.##.....#.5###.##............##..
.######...4.5.......##.#####.....
.# ##.....###.###..##.# #.##..
.####.###.#.##.##.#.##.# #.##..
..†.>.# #.##.#.#.##.##.#####.####
#####.###...#.....#.##...........
##...##.#####.#.########.####


You could see a soul eater (summoned) and a chaos spawn (summoned).

Vanquished Creatures
  A gnoll bouda (D:2)
  2 worms (D:2)
  3 ball pythons
  6 bats (D:1)
  An endoplasm (D:1)
  3 giant cockroaches
  2 hobgoblins
  10 jackals
  2 quokkas (D:1)
  3 frilled lizards
  4 goblins
  3 kobolds
  2 rats (D:1)
42 creatures vanquished.

Notes
Turn   | Place    | Note
-------+----------+-------------------------------------------
     0 | D:1      | cforsyth the Djinni Chaos Knight began the quest for the
                  | Orb.
     0 | D:1      | Reached XP level 1. HP: 20/20 MP: 0/0
    20 | D:1      | XOM: smoke on damage
    79 | D:1      | Reached XP level 2. HP: 25/25 MP: 0/0
   319 | D:1      | Reached skill level 1 in Spellcasting
   319 | D:1      | Reached skill level 1 in Conjurations
   319 | D:1      | Reached skill level 1 in Hexes
   319 | D:1      | Reached skill level 1 in Summonings
   319 | D:1      | Reached skill level 1 in Necromancy
   319 | D:1      | Reached skill level 1 in Translocations
   319 | D:1      | Reached skill level 1 in Transmutations
   319 | D:1      | Reached skill level 1 in Fire Magic
   319 | D:1      | Reached skill level 1 in Ice Magic
   319 | D:1      | Reached skill level 1 in Air Magic
   319 | D:1      | Reached skill level 1 in Earth Magic
   319 | D:1      | Reached skill level 1 in Poison Magic
   379 | D:1      | Reached XP level 3. HP: 29/30 MP: 0/0
   379 | D:1      | Learned a level 1 spell: Kiss of Death
   848 | D:2      | Noticed Terence
   859 | D:2      | Terence changed into Terence the scorpion
   859 | D:2      | Noticed Terence
   859 | D:2      | XOM: polymorph Terence -> Terence the scorpion
   860 | D:2      | XOM: cast spell 'Dispersal'
   970 | D:2      | Reached XP level 4. HP: 32/37 MP: 0/0
  1062 | D:2      | XOM: silly message
  1064 | D:2      | Reached skill level 4 in Fighting
  1204 | D:1      | XOM: summons 3 hostile demons
  1205 | D:1      | Noticed a soul eater
  1205 | D:1      | Noticed a chaos spawn
  1208 | D:1      | XOM: smoke on damage
  1210 | D:1      | Mangled by a soul eater

Illustrated notes

Levels and vault maps discovered:
D:1:      minmay_arrival_solitary_statue, layout_loops_ring,
          hangedman_decor_clover_reticule
D:2:      layout_basic, uniq_terence, uniq_sigmund

Skill      XL: |  1  2  3  4 |
---------------+-------------+-----
Spellcasting   | 1 |  1.8
Conjurations   | 1 |  1.8
Hexes          | 1 |  1.8
Summonings     | 1 |  1.8
Necromancy     | 1 |  1.8
Translocations | 1 |  1.8
Transmutations | 1 |  1.8
Fire Magic     | 1 |  1.8
Ice Magic      | 1 |  1.8
Air Magic      | 1 |  1.8
Earth Magic    | 1 |  1.8
Poison Magic   | 1 |  1.8
Fighting       | 4 |  4.1
Long Blades    | |  2.6
Armour         | |  1.0
Dodging        | |  2.1

Action                     |  1- 3 |  4- 6 || total
---------------------------+-------+-------++-------
  Melee: Falchion          |   103 |    10 ||   113
         Punch             |     2 |       ||     2
    Use: Scroll            |       |     1 ||     1
   Stab: Sleeping          |     2 |       ||     2
 Armour: Leather armour    |    89 |    18 ||   107
  Dodge: Dodged            |    89 |     9 ||    98

Table legend: (Time is in decaauts)
 A = Elapsed time spent in this place.
 B = Non-inter-level travel time spent in this place.
 C = Inter-level travel time spent in this place.
 D = Time resting spent in this place.
 E = Time spent auto-exploring this place.
 F = Levels seen in this place.
 G = Mean time per level.
                   A        B        C        D        E       F      G
               +--------+--------+--------+--------+--------+-----+--------+
         Total |   1229 |   1216 |     13 |     77 |    814 |   2 |  614.5 |
       Dungeon |   1229 |   1216 |     13 |     77 |    814 |   2 |  614.5 |
               +--------+--------+--------+--------+--------+-----+--------+

Top non-repeatable levels by time:
     D:1: 822 daAuts
     D:2: 407 daAuts
